AoeStats
← scrappy_18

Nomad

509009487Analyzed
4v4 RM · 7d ago on Sep 25, 2026· 41m 32s· 8 players
Game mode
Random Map
Map size
231×231
Population
200
Speed
Normal
Resources
Standard
Victory
Conquest
Starting age
Dark Age
Ending age
Imperial Age
RankedLock teamsTeams togetherTeam positionsShared explorationLock speedFull tech treeHidden civsTurbo modeCheats
Victory
Defeat
🇺🇸 Mongols · United States
1270
+11
🇺🇸 Danes · United States
1254
+12
🇺🇸 Varangians · United States
1220
+13
🇺🇸 Saxons · United States
1197
+15
🇨🇦 Italians · Canada
1170
-13
🇨🇦 Danes · Canada
1168
-12
🇨🇦 Mongols · Canada
1164
-13
🇨🇦 Varangians · Canada
1159
-13
TamerCaribou922
4:38 Loom
13:32 Feudal Age
17:42 Castle Age
18:52 Fletching
19:29 Bodkin Arrow
25:52 Double-Bit Axe
30:49 Bow Saw
36:26 Imperial Age
34:34 Padded Archer Armor
36:01 Leather Archer Armor
35:56 Elite Skirmisher
37:24 Bracer
SnakyPringle
3:08 Loom
14:47 Feudal Age
15:40 Double-Bit Axe
21:52 Castle Age
20:52 Fletching
21:58 Arson
22:50 Medium Warships
22:38 Gambesons
27:37 Bodkin Arrow
28:01 Horse Collar
31:03 Town Watch
31:46 Scale Mail Armor
32:22 Ballistics
33:52 Wheelbarrow
33:32 Forging
33:38 Chain Mail Armor
35:05 Squires
35:44 Iron Casting
43:16 Imperial Age
41:52 Gold Mining
IdleCylinder564
3:17 Loom
14:33 Feudal Age
15:19 Double-Bit Axe
16:15 Fletching
17:39 Wheelbarrow
18:45 Horse Collar
26:30 Castle Age
26:56 Forging
26:47 Scale Mail Armor
27:45 Hand Cart
28:11 Bow Saw
29:09 Heavy Plow
32:48 Gambesons
33:04 Squires
37:57 Iron Casting
37:38 Chain Mail Armor
42:34 Imperial Age
40:14 Arson
Frion
16:53 Feudal Age
18:13 Loom
21:59 Castle Age
37:11 Bloodlines
37:02 Husbandry
scrappy_18
4:53 Loom
15:26 Feudal Age
24:03 Castle Age
22:40 Arson
23:56 Forging
23:48 Scale Mail Armor
29:35 Wheelbarrow
31:35 Double-Bit Axe
31:52 Horse Collar
33:22 Man-at-Arms
34:14 Long Swordsman
TinkyBoi
7:51 Loom
12:19 Feudal Age
13:15 Double-Bit Axe
17:42 Forging
17:38 Scale Barding Armor
22:58 Horse Collar
28:06 Castle Age
26:16 Gold Mining
29:16 Thumb Ring
29:56 Stone Mining
30:38 Fletching
30:49 Padded Archer Armor
32:40 Bodkin Arrow
jrewdavis
8:58 Loom
15:02 Feudal Age
15:38 Double-Bit Axe
23:43 Castle Age
22:29 Fishing Lines
38:25 Wheelbarrow
40:08 Town Watch
snippedgentile
8:22 Loom
17:36 Feudal Age
18:42 Stone Mining
18:39 Double-Bit Axe
24:28 Castle Age
22:13 Horse Collar
22:34 Gold Mining
23:11 Fletching
24:28 Wheelbarrow
25:57 Bodkin Arrow
26:33 Padded Archer Armor
30:21 Ballistics
30:33 Medium Warships
30:43 Leather Archer Armor
30:52 Bow Saw
31:14 Hand Cart
32:16 Fishing Lines
34:38 Forging
34:53 Horse Collar
37:55 Heavy Plow
41:37 Imperial Age
39:40 Crossbowman
40:28 Thumb Ring
40:28 Elite Skirmisher
Connection lost

Rejoining the realm…

Still unreachable

The connection could not be restored.

Session expired

The server has moved on; the page needs a fresh start.